 Dungeon Crawl Stone Soup version 0.23.2-1-ga50397a (webtiles) character file.

Game seed: 4836061833909311615

406 MalarOregon the Slasher (level 6, 0/52 HPs)
             Began as a Ghoul Warper on May 26, 2019.
             Slain by an orc priest
             ... wielding a +0 hand axe
              (3 damage)
             ... on level 4 of the Dungeon.
             The game lasted 00:06:31 (4220 turns).

MalarOregon the Slasher (Ghoul Warper)              Turns: 4220, Time: 00:06:32

Health: 0/52       AC:  4    Str: 15    XL:     6   Next: 87%
Magic:  7/7        EV: 12    Int: 10    God:
Gold:   184        SH:  0    Dex:  8    Spells: 4/8 levels left

rFire    . . .     SeeInvis .   a - +0 falchion
rCold    + . .     Gourm    .   (no shield)
rNeg     + + +     Faith    .   g - +0 leather armour (curse)
rPois    ∞         Spirit   .   h - +0 helmet
rElec    .         Reflect  .   (no cloak)
rCorr    +         Harm     .   (no gloves)
MR       .....                  (no boots)
Stlth    +.........             (no amulet)
HPRegen  0.00/turn              p - ring of resist corrosion
MPRegen  0.10/turn              (no ring)

@: flying, rotting
A: rotting body, claws 1, carnivore, cold resistance 1, negative energy
resistance 3, inhibited regeneration, torment resistance, unbreathing
a: no special abilities


You were on level 4 of the Dungeon.
You were not hungry.

You visited 1 branch of the dungeon, and saw 4 of its levels.

You collected 184 gold pieces.

Inventory:

Hand Weapons
 a - a +0 falchion (weapon)
Missiles
 f - 5 tomahawks of dispersal {!f}
 n - 6 tomahawks (quivered)
Armour
 g - a cursed +0 leather armour (worn)
   (You found it on level 2 of the Dungeon)
 h - a +0 helmet (worn)
   (You found it on level 2 of the Dungeon)
Jewellery
 p - a ring of resist corrosion (left claw)
   (You found it on level 4 of the Dungeon)
Wands
 d - a wand of iceblast (10)
   (You found it on level 2 of the Dungeon)
Scrolls
 b - 2 scrolls of blinking
 i - a scroll of teleportation {@r4}
 j - a scroll of identify {@r1}
 k - 2 scrolls of remove curse {@r2}
 l - a scroll of immolation {unknown}
 m - a scroll of magic mapping {unknown}
Potions
 c - a potion of agility {unknown}
 q - a potion of might {unknown}
Comestibles
 e - 5 rations {!d}


   Skills:
 + Level 4.3 Fighting
 * Level 4.7 Long Blades
 - Level 0.8 Throwing
 - Level 0.8 Armour
 + Level 3.5 Dodging
 - Level 1.7 Spellcasting
 - Level 2.6 Translocations


You had 4 spell levels left.
You knew the following spells:

 Your Spells              Type           Power        Failure   Level  Hunger
b - Blink                 Tloc           N/A          21%         2    ###....
q - Shroud of Golubria    Chrm/Tloc      #.........   34%         2    ###....

Your spell library contained the following spells:

 Spells                   Type           Power        Failure   Level  Hunger
 Gell's Gravitas          Tloc           #.........   36%         3    ####...
 Lesser Beckoning         Tloc           #.........   36%         3    ####...
 Teleport Other           Tloc           #.......     36%         3    ####...
 Passage of Golubria      Tloc           N/A          78%         4    #####..


Dungeon Overview and Level Annotations

Branches:
Dungeon (4/15)
 Temple: D:4-7

Altars:


Innate Abilities, Weirdness & Mutations

Your body is rotting away.
You thrive on raw meat.
You are immune to poison.
You have sharp fingernails.
You are carnivorous and can eat meat at any time.
Your flesh is cold resistant. (rC+)
You are immune to negative energy. (rN+++)
You do not regenerate when monsters are visible.
You are immune to unholy pain and torment.
You can survive without breathing.


Message History

You barely miss the orc priest.
The orc priest hits you but does no damage.
The orc wizard hits you but does no damage.
You hit the orc priest.
The orc wizard gestures at you while chanting.
You resist with some effort.
The orc priest looks satisfied for a moment.
The orc wizard hits you with a +0 dagger.
You barely miss the orc priest. The orc priest misses you.
The orc wizard gestures at you while chanting.
The magic dart hits you.
You hit the orc priest but do no damage.
The orc priest hits you with a +0 hand axe!
The orc wizard hits you with a +0 dagger.
You slash the orc priest!
The orc priest hits you but does no damage.
The orc wizard points at you and mumbles some strange words.
You are confused.
Unknown command.
The orc priest hits you with a +0 hand axe!
* * * LOW HITPOINT WARNING * * *
You hit the orc priest but do no damage.
The orc priest looks braver for a moment.
The orc wizard casts a spell at you. The magic dart hits you.
* * * LOW HITPOINT WARNING * * *
Unknown command.
The orc priest barely misses you.
Unknown command.
You closely miss the orc wizard.
The orc priest hits you with a +0 hand axe.
* * * LOW HITPOINT WARNING * * *
The orc wizard hits you with a +0 dagger.
* * * LOW HITPOINT WARNING * * *
You hit the orc priest but do no damage.
The orc priest hits you with a +0 hand axe.
* * * LOW HITPOINT WARNING * * *
The orc wizard closely misses you.
Okay, then.
It was a potion of flight.
You feel very buoyant.
You fly up into the air.
You feel less confused.
The orc priest hits you with a +0 hand axe.
* * * LOW HITPOINT WARNING * * *
The orc wizard closely misses you.
Okay, then.
You barely miss the orc priest.
The orc priest hits you with a +0 hand axe.
You die...

##. #.# ... #.# #######
#.## #.....# #.. #..
#.....###.# #.#
#......##.###### #.#
#...@o.#.......# ...
#....o.#....##.# #.#
#.#.........# #[#
#.####.#.##.# # #.#
##.####.#.##.##.#
####.#####.......#...... ##
#.......##.###.######.##...
#.##.##.##.....[.##.......#
###.##.##.##.###....[.<.#
.###


You could see an orc priest and an orc wizard.

Vanquished Creatures
  An ogre (D:3)
  A howler monkey (D:3)
  3 orc priests
  2 worker ants (D:4)
  3 gnolls (D:3)
  3 adders
  A worm (D:2)
  2 leopard geckos
  11 orcs
  6 bats
  5 giant cockroaches
  5 goblins
  9 hobgoblins
  4 jackals (D:3)
  5 kobolds
  3 quokkas
  7 frilled lizards
  A quokka skeleton (D:4)
  8 rats
80 creatures vanquished.

Notes
Turn   | Place    | Note
-------+----------+-------------------------------------------
     0 | D:1      | MalarOregon the Ghoul Warper began the quest for the Orb.
     0 | D:1      | Reached XP level 1. HP: 17/17 MP: 2/2
   100 | D:1      | Reached XP level 2. HP: 25/25 MP: 3/3
   668 | D:1      | Reached XP level 3. HP: 17/30 MP: 4/4
  1818 | D:2      | Reached XP level 4. HP: 32/37 MP: 5/5
  2114 | D:3      | Learned a level 2 spell: Blink
  2117 | D:3      | Learned a level 2 spell: Shroud of Golubria
  2367 | D:3      | Reached XP level 5. HP: 29/45 MP: 6/6
  2809 | D:4      | Noticed an ogre
  3226 | D:3      | Killed an ogre
  3226 | D:3      | Reached XP level 6. HP: 29/52 MP: 7/7
  4220 | D:4      | Slain by an orc priest

Skill      XL: |  1  2  3  4  5 |
---------------+----------------+-----
Long Blades    | 2 3 4 |  4.7
Dodging        | 2 3 |  3.5
Fighting       | 3 4 |  4.3
Throwing       | |  0.8
Armour         | |  0.8
Spellcasting   | |  1.7
Translocations | |  2.6

Action                   |  1- 3 |  4- 6 || total
-------------------------+-------+-------++-------
Melee: Falchion          |   166 |   233 ||   399
Throw: Tomahawk          |       |     4 ||     4
  Use: Scroll            |     5 |       ||     5
       Potion            |       |     1 ||     1
  Eat: Chunk             |    10 |    18 ||    28
       Ration            |       |     1 ||     1
Armor: Leather armour    |    40 |    60 ||   100
Dodge: Dodged            |   122 |   181 ||   303
       Rpst.: Falchion   |    40 |    56 ||    96
